 Dungeon Crawl Stone Soup version 0.32-a0-306-gfed3edf829 (webtiles) character file.

Game seed: 13020327888996254999

18920 pokeman the Eclecticist (level 12, -2/64 HPs)
             Began as a Deep Elf Hedge Wizard on Feb 14, 2024.
             Was an Elder of Vehumet.
             Slain by a vault guard
             ... wielding a +3 long sword
              (16 damage)
             ... on level 13 of the Dungeon.
             The game lasted 00:39:44 (14063 turns).

pokeman the Eclecticist (Deep Elf Hedge Wizard)    Turns: 14063, Time: 00:39:44

Health: -2/64      AC: 11    Str:  7    XL:     12   Next: 32%
Magic:  50/50      EV: 11    Int: 31    God:    Vehumet [****..]
Gold:   854        SH:  5    Dex: 14    Spells: 24/45 levels left

rFire   x . .        b - +6 Majin-Bo {spellvamp, MP+6 Int+6}
rCold   + . .        J - +0 buckler
rNeg    . . .        S - +0 acid dragon scales
rPois   .            m - +0 hat {Will+}
rElec   .            H - +0 cloak
rCorr   +            (no gloves)
SInv    .            q - +2 pair of boots
Will    ++...        P - amulet of magic regeneration
Stlth   ++           O - ring of magical power
HPRegen 0.30/turn    n - ring of ice
MPRegen 0.72/turn

%: no passive effects
@: on blink cooldown
A: no striking features
a: Renounce Religion


You were on level 13 of the Dungeon.
You worshipped Vehumet.
Vehumet was greatly pleased with you.
You visited 2 branches of the dungeon, and saw 14 of its levels.

You collected 854 gold pieces.

Inventory:

Hand Weapons
 a - the +5 hand axe of Armageddon {elec, rElec rPois rC+ Dex-4}
   (You found it on level 5 of the Dungeon)

   Dex-4:     It affects your dexterity (-4).
   rC+:       It protects you from cold.
   rElec:     It insulates you from electricity.
   rPois:     It protects you from poison
 b - the +6 Majin-Bo (weapon) {spellvamp, MP+6 Int+6}
   (You acquired it in the Ecumenical Temple)

   Int+6:     It affects your intelligence (+6).
   MP+6:      It affects your magic capacity (+6).
 R - the +1 falchion of Kutuhull {freeze, rElec rC+ Dex+5 Stlth+}
   (You found it on level 9 of the Dungeon)

   Dex+5:     It affects your dexterity (+5).
   rC+:       It protects you from cold.
   rElec:     It insulates you from electricity.
   Stlth+:    It makes you more stealthy.
Missiles
 l - 2 throwing nets
Armour
 m - a +0 hat of willpower (worn)
 q - a +2 pair of boots (worn)
 H - a +0 cloak (worn)
 J - a +0 buckler (worn)
 S - +0 acid dragon scales (worn)
Jewellery
 n - a ring of ice (right hand)
 p - a ring of protection from fire
 v - a ring of protection from fire
 K - a ring of protection from fire
 L - the ring of Dinurch {rN+ Int+2}
   (You found it on level 7 of the Dungeon)

   [ring of positive energy]

   Int+2:     It affects your intelligence (+2).
   rN+:       It protects you from negative energy.
 O - a ring of magical power (left hand)
 P - an amulet of magic regeneration (around neck)
 Q - a ring of protection from cold
 X - a ring of ice
Wands
 o - a wand of mindburst (10)
 V - a wand of polymorph (4)
Scrolls
 j - a scroll of immolation
 r - a scroll of amnesia
 t - a scroll of poison
 u - 5 scrolls of teleportation
 z - 2 scrolls of silence
 A - a scroll of brand weapon
 B - a scroll of noise {unknown}
 E - 2 scrolls of vulnerability {unknown}
 M - a scroll of fear {unknown}
Potions
 c - 4 potions of heal wounds {unknown}
 d - 2 potions of magic
 e - 7 potions of curing
 f - 2 potions of haste {unknown}
 g - 3 potions of degeneration {unknown}
 h - 3 potions of cancellation {unknown}
 i - a potion of berserk rage {unknown}
 k - 4 potions of might {unknown}
 s - a potion of brilliance {unknown}
 C - a potion of lignification {unknown}
 N - a potion of mutation {unknown}
 Y - a potion of resistance {unknown}
 Z - a potion of invisibility {unknown}
Miscellaneous
 T - a condenser vane


   Skills:
 + Level 2.9 Fighting
 - Level 3.0 Armour
 - Level 3.0 Dodging
 - Level 3.0 Stealth
 - Level 6.0 Shields
 * Level 17.0 Spellcasting
 + Level 10.1 Conjurations
 - Level 1.1 Summonings
 - Level 1.1 Necromancy
 - Level 1.1 Translocations
 + Level 9.6 Ice Magic
 - Level 1.0 Air Magic
 - Level 1.0 Alchemy
 - Level 1.0 Evocations


You had 24 spell levels left.
You knew the following spells:

 Your Spells              Type           Power      Damage    Failure   Level
a - Magic Dart            Conj           100%       1d8       1%          1
b - Mephitic Cloud        Conj/Alch/Air  51%        N/A       1%          3
c - Call Imp              Summ           66%        N/A       4%          2
d - Blink                 Tloc           66%        N/A       4%          2
e - Mercury Vapours       Alch/Air       64%        N/A       1%          2
f - Freezing Cloud        Conj/Ice/Air   40%        6-21      1%          5
g - Hailstorm             Conj/Ice       93%        3d15      1%          3
h - Swiftness             Air            32%        N/A       9%          3

Your spell library contained the following spells:

 Spells                   Type           Power      Damage    Failure   Level
 Iskenderun's Battlesphe  Conj           74%        2d12      1%          5
 Shock                    Conj/Air       100%       1d9       1%          1
 Searing Ray              Conj           100%       2d8       1%          2
 Ozocubu's Armour         Ice            92%        N/A       1%          3
 Summon Ice Beast         Ice/Summ       74%        N/A       1%          3
 Fulminant Prism          Conj/Alch      28%        3d14      1%          4
 Iskenderun's Mystic Bla  Conj/Tloc      57%        2d12      1%          4
 Volatile Blastmotes      Fire/Tloc      58%        2d14      3%          3
 Slow                     Hex            100%       N/A       4%          1
 Cigotuvi's Dreadful Rot  Necr/Alch/Air  64%        N/A       4%          2
 Airstrike                Air            16%        2d(3-19)  8%          4
 Fugue of the Fallen      Necr           33%        N/A       9%          3
 Ignite Poison            Fire/Alch      29%        N/A       10%         4
 Tukima's Dance           Hex            26%        N/A       13%         3
 Yara's Violent Unravell  Hex/Alch       14%        3d7       24%         5
 Manifold Assault         Tloc           33%        N/A       26%         4
 Passage of Golubria      Tloc           33%        N/A       26%         4
 Sculpt Simulacrum        Ice/Alch       36%        N/A       58%         6


Dungeon Overview and Level Annotations

Branches:
Dungeon (13/15)            Temple (1/1) D:4            Lair (0/5) D:11
    Orc (0/2) D:12         Vaults (0/5) D:13

Altars:
Ashenzari
Cheibriados
Dithmenos
Elyvilon
Fedhas
Gozag
Hepliaklqana
Kikubaaqudgha
Makhleb
Nemelex Xobeh
Okawaru
Qazlal
Ru
Sif Muna
Trog
Uskayaw
Vehumet
Wu Jian
Xom
Yredelemnul
Zin
The Shining One

Shops:
D:9 *   D:10 [   D:12 [


Message History

Found a scroll of poison.
There is a stone staircase leading up here.
t - a scroll of poison A +4 long sword comes into view.
Unknown command.
Okay, then.
This spell is dangerous to cast!
Vehumet grants you knowledge of Iskenderun's Battlesphere.
You start memorising the spell.
You continue memorising. x3
The +4 long sword hits you!!
Your memorisation is interrupted.
Unknown command.
Casting: Hailstorm (safe; 1% risk of failure)
Confirm with . or Enter, or press ? or * to list all spells.
You blink.
A cyclops comes into view.
Found 20 gold pieces.
Found a potion of curing and a leather armour.
Casting: Blink (safe; 4% risk of failure)
Confirm with . or Enter, or press ? or * to list all spells.
A tiny devil pulls itself out of the air.
The cyclops shouts!
The cyclops throws a large rock.
The large rock hits you!!
Your cerulean imp closely misses the +4 long sword.
You block the +4 long sword's attack.
You feel ready to blink again.
The +4 long sword attacks as it pursues you!
The +4 long sword misses you.
Your cerulean imp misses the +4 long sword.
The +4 long sword hits your cerulean imp!!
Your cerulean imp dies!
Your cerulean imp disappears in a puff of smoke!
Casting: Call Imp (safe; 4% risk of failure)
Confirm with . or Enter, or press ? or * to list all spells.
You blink.
A vault guard comes into view. It is wielding a +3 long sword.
Found a dagger.
Found a gate to the Vaults.
The +4 long sword hits you!
* * * LOW HITPOINT WARNING * * *
The vault guard shouts!
The vault guard hits you with a +3 long sword!
You die...

######.#
#......#############
#.####...#..........
#####..<............[..
.........#.#........!###
........................
#####......#....C....#
##.#####..(#.#...).
#..####..##@# ..#
##.......$#p# #
####...ยง##.# #.....#.#
##....... ##.......
#......... #.........
##..###.##


You could see a vault guard and a cyclops.

Vanquished Creatures
  Erolcha (D:12)
  6 two-headed ogres
  A boulder beetle (D:11)
  Erica (D:8)
  Urug (D:10)
  An ugly thing (D:12)
  A deep elf pyromancer (D:12)
  Pikel (D:5)
  A manticore (D:6)
  2 cyclopes (D:12)
  2 gargoyles
  Maggie (D:6)
  A komodo dragon (D:12)
  A rime drake (D:11)
  2 trolls (D:12)
  A troll (shapeshifter) (D:10)
  A polar bear (D:11)
  Prince Ribbit (D:7)
  A shadow (D:10)
  3 slime creatures (D:12)
  4 yaks (D:12)
  4 wyverns
  3 wraiths
  Grum (D:8)
  Eustachio (D:5)
  2 steam dragons
  Edmund (D:5)
  2 acid dragons (D:9)
  3 water moccasins
  5 ice beasts
  A black bear (D:5)
  3 orc warriors
  A sky beast (D:6)
  3 ogres
  3 wolves
  3 centaurs
  2 lemures (D:5)
  2 phantoms
  A bullfrog (D:9)
  3 kobold brigands
  4 scorpions
  15 wights
  8 killer bees
  5 howler monkeys
  Crazy Yiuf (D:5)
  2 jellies
  6 orc priests
  2 bombardier beetles
  A gnoll bouda (D:8)
  2 hounds (D:6)
  4 iguanas
  3 sleepcaps
  11 orc wizards
  10 gnolls
  9 adders
  A shadow imp (D:6)
  2 white imps
  An ufetubus (D:6)
  A dart slug (D:1)
  2 ribbon worms
  38 orcs
  9 ball pythons
  4 bats
  3 endoplasms
  3 giant cockroaches
  7 goblins
  8 hobgoblins
  2 jackals (D:3)
  13 kobolds
  3 quokkas
  2 frilled lizards
  4 rats
264 creatures vanquished.

Vanquished Creatures (collateral kills)
  A lemure (D:5)
  A killer bee (D:11)
  An orc wizard (D:4)
  An endoplasm (D:4)
4 creatures vanquished.

Grand Total: 268 creatures vanquished

Notes
Turn   | Place    | Note
-------+----------+-------------------------------------------
     0 | D:1      | pokeman the Deep Elf Hedge Wizard began the quest for the
                  | Orb.
     0 | D:1      | Reached XP level 1. HP: 10/10 MP: 7/7
   117 | D:1      | Reached XP level 2. HP: 15/15 MP: 2/9
   420 | D:1      | Reached skill level 5 in Spellcasting
   618 | D:1      | Reached XP level 3. HP: 20/20 MP: 7/11
   622 | D:1      | Learned a level 3 spell: Mephitic Cloud
   625 | D:1      | Learned a level 2 spell: Call Imp
   628 | D:1      | Learned a level 2 spell: Blink
   931 | D:1      | Reached skill level 1 in Fighting
  1146 | D:2      | Reached skill level 1 in Armour
  1509 | D:2      | Reached XP level 4. HP: 25/25 MP: 9/13
  2292 | D:3      | Reached skill level 6 in Spellcasting
  2487 | D:3      | Learned a level 2 spell: Mercury Vapours
  2518 | D:3      | Reached XP level 5. HP: 29/29 MP: 9/15
  2524 | D:3      | Learned a level 5 spell: Freezing Cloud
  3569 | D:4      | Reached skill level 1 in Air Magic
  3719 | D:4      | Found a staircase to the Ecumenical Temple.
  3730 | D:4      | Reached skill level 1 in Ice Magic
  3730 | D:4      | Reached skill level 1 in Alchemy
  3733 | Temple   | Entered the Ecumenical Temple
  3749 | Temple   | Became a worshipper of Vehumet
  3895 | D:4      | Found an ornate altar of the Wu Jian Council.
  3985 | D:4      | Reached XP level 6. HP: 34/34 MP: 4/17
  4112 | D:4      | Reached skill level 1 in Evocations
  4368 | D:5      | Entered Level 5 of the Dungeon
  4368 | D:5      | Noticed Pikel
  4419 | D:5      | Reached skill level 7 in Spellcasting
  4460 | D:5      | Killed Pikel
  4461 | D:5      | Reached skill level 8 in Spellcasting
  4461 | D:5      | Reached XP level 7. HP: 6/40 MP: 1/20
  4693 | D:5      | Noticed Eustachio
  4716 | D:5      | Killed Eustachio
  4728 | D:5      | Identified the +5 hand axe of Armageddon {elec, rElec rPois
                  | rC+ Dex-4}
  4829 | D:5      | Noticed Edmund
  4844 | D:5      | Killed Edmund
  4845 | D:5      | Reached skill level 9 in Spellcasting
  4845 | D:5      | Reached XP level 8. HP: 27/44 MP: 14/23
  5140 | D:5      | Reached skill level 5 in Conjurations
  5479 | D:5      | Found a runed translucent door.
  5480 | D:5      | Noticed Crazy Yiuf
  5541 | D:5      | Found a blossoming altar of Fedhas.
  5753 | D:5      | Killed Crazy Yiuf
  5852 | D:6      | Reached skill level 10 in Spellcasting
  5902 | D:6      | Learned a level 3 spell: Hailstorm
  5906 | D:6      | Learned a level 3 spell: Swiftness
  5913 | D:6      | Noticed Maggie
  5925 | D:6      | Killed Maggie
  5942 | D:6      | Reached XP level 9. HP: 29/48 MP: 4/25
  6130 | D:6      | Reached * piety under Vehumet
  6130 | D:6      | Offered knowledge of Freeze by Vehumet.
  6156 | D:6      | Reached skill level 5 in Ice Magic
  6193 | D:6      | Noticed a manticore
  6199 | D:6      | Killed a manticore
  6200 | D:6      | Reached skill level 1 in Shields
  6200 | D:6      | Reached skill level 11 in Spellcasting
  6862 | D:7      | Identified the ring of Dinurch {rN+ Int+2}
  7259 | D:7      | Reached skill level 12 in Spellcasting
  7845 | D:7      | Noticed Prince Ribbit
  7851 | D:7      | Killed Prince Ribbit
  8142 | D:7      | Found an opulent altar of Gozag.
  8143 | D:7      | Found a sparkling altar of Nemelex Xobeh.
  8146 | D:7      | Found a stormy altar of Qazlal.
  8186 | D:8      | Noticed Erica
  8186 | D:8      | Found a transporter.
  8186 | D:8      | Found a transporter.
  8243 | D:8      | Reached ** piety under Vehumet
  8250 | D:8      | Killed Erica
  8251 | D:8      | Reached XP level 10. HP: 24/53 MP: 8/28
  8385 | D:8      | Offered knowledge of Sandblast by Vehumet.
  8467 | D:8      | Reached skill level 13 in Spellcasting
  8565 | D:8      | Noticed a two-headed ogre
  8573 | D:8      | HP: 1/53 [two-headed ogre/+0 giant spiked club (32)]
  8580 | D:8      | Killed a two-headed ogre
  8853 | D:8      | Noticed Grum
  8859 | D:8      | Killed Grum
  9346 | D:9      | Found Wupeih's Fire Supplies.
  9413 | D:9      | Reached skill level 14 in Spellcasting
  9685 | D:9      | Offered knowledge of Momentum Strike by Vehumet.
  9827 | D:9      | Identified the +1 falchion of Kutuhull {freeze, rElec rC+
                  | Dex+5 Stlth+}
 10301 | D:10     | Entered Level 10 of the Dungeon
 10333 | D:10     | Reached *** piety under Vehumet
 10472 | D:10     | Reached XP level 11. HP: 56/57 MP: 31/31
 10482 | D:10     | Found a shimmering altar of Xom.
 10638 | D:10     | Noticed Urug
 10662 | D:10     | Killed Urug
 10667 | D:10     | Noticed a two-headed ogre
 10673 | D:10     | Killed a two-headed ogre
 10674 | D:10     | Reached skill level 15 in Spellcasting
 10906 | D:10     | Offered knowledge of Dazzling Flash by Vehumet.
 11273 | D:10     | Found Erorph's Armour Shoppe.
 11391 | D:11     | Noticed a boulder beetle
 11401 | D:11     | Killed a boulder beetle
 11402 | D:11     | Reached skill level 1 in Necromancy
 11452 | D:11     | Noticed a two-headed ogre
 11453 | D:11     | Reached skill level 5 in Shields
 11464 | D:11     | Killed a two-headed ogre
 11626 | D:11     | Found a staircase to the Lair.
 11754 | D:11     | Identified a scroll of acquirement
 11945 | D:11     | Noticed a two-headed ogre
 11950 | D:11     | Killed a two-headed ogre
 12177 | D:11     | Noticed a two-headed ogre
 12182 | D:11     | Noticed a two-headed ogre
 12187 | D:11     | Killed a two-headed ogre
 12188 | D:11     | Reached skill level 16 in Spellcasting
 12190 | D:11     | Killed a two-headed ogre
 12190 | D:11     | Reached **** piety under Vehumet
 12424 | Temple   | Acquired the +6 Majin-Bo {spellvamp, MP+6 Int+6}
 12424 | Temple   | Found the +6 Majin-Bo {spellvamp, MP+6 Int+6}
 12784 | D:12     | Noticed a deep elf pyromancer
 12793 | D:12     | Killed a deep elf pyromancer
 12808 | D:12     | Noticed a white ugly thing
 12819 | D:12     | Killed a white ugly thing
 12820 | D:12     | Reached XP level 12. HP: 37/62 MP: 34/34
 12926 | D:12     | Offered knowledge of Iskenderun's Battlesphere by Vehumet.
 13197 | D:12     | Found a staircase to the Orcish Mines.
 13333 | D:12     | Reached skill level 10 in Conjurations
 13563 | D:12     | Found Paorgh's Armour Emporium.
 13576 | D:12     | Noticed Erolcha
 13586 | D:12     | Killed Erolcha
 13587 | D:12     | Reached skill level 17 in Spellcasting
 14061 | D:13     | Found a gate to the Vaults.
 14061 | D:13     | Noticed a vault guard
 14063 | D:13     | Slain by a vault guard

Illustrated notes

Levels and vault maps discovered:
D:1:      minmay_arrival_jagged, layout_loops_cross, minmay_hedge_maze
D:2:      layout_basic, st_stairs_12
D:3:      layout_basic
D:4:      layout_rooms, nzn_wu_jian_council_hall,
          minmay_temple_entry_mini_moons, chequers_decorated_corner
D:5:      layout_loops_ring, mainiacjoe_overflow_tiny_flanked,
          hangedman_decor_growths, hellmonk_no_cap, uniq_edmund, uniq_pikel,
          uniq_crazy_yiuf_cottage, uniq_eustachio
D:6:      layout_rooms, roderic_lattice_a, minmay_divided_ellipse, uniq_maggie
D:7:      layout_loops_corners, minitemple, grunt_ministairs_5,
          mrwooster_statue_mirror, kennysheep_pointless_box, nicolae_tricolors,
          uniq_prince_ribbit1
D:8:      layout_rooms, nicolae_diode_stairs, uniq_grum, uniq_erica
D:9:      layout_roguey, nicolae_shop_fire_sale [nicolae_sub_dead_trees]
D:10:     layout_loops_ring, lemuel_round_altar, serial_shops, shop_statue,
          minmay_misc_feat_enclosed, dreamdust_wishing_well, uniq_urug
D:11:     layout_stronghold, hellmonk_lair_entry_icy
D:12:     layout_irregular_city, david_orc_2, serial_shops, shop, uniq_erolcha
D:13:     layout_basic, erik_vaults_1
Temple:   eino_temple_rhombus

Skill      XL: |  1  2  3  4  5  6  7  8  9 10 11 12 |
---------------+-------------------------------------+-----
Spellcasting   | 5 6 8 9 10 12 14 16 17 | 17.0
Fighting       | 1 2 |  2.9
Armour         | 1 3 |  3.0
Conjurations   | 2 4 5 7 8 9 10 | 10.1
Stealth        | 3 |  3.0
Dodging        | 3 |  3.0
Air Magic      | 1 |  1.0
Ice Magic      | 1 2 3 4 6 7 9 |  9.6
Alchemy        | 1 |  1.0
Evocations     | 1 |  1.0
Shields        | 3 4 5 6 |  6.0
Necromancy     | 1 |  1.1
Summonings     | |  1.1
Translocations | |  1.1

Action                     |  1- 3 |  4- 6 |  7- 9 | 10-12 || total
---------------------------+-------+-------+-------+-------++-------
  Melee: Dagger            |     1 |    29 |       |       ||    30
         Whip              |       |       |    14 |       ||    14
         Hand axe          |       |       |    91 |    49 ||   140
         Bo                |       |       |       |    22 ||    22
   Cast: Magic Dart        |    71 |   110 |    59 |    55 ||   295
         Mephitic Cloud    |     1 |     5 |    14 |    17 ||    37
         Mercury Vapours   |       |    15 |    33 |     4 ||    52
         Call Imp          |       |     2 |    11 |     5 ||    18
         Hailstorm         |       |       |    24 |    56 ||    80
         Freezing Cloud    |       |       |     3 |    63 ||    66
         Blink             |       |       |     2 |    11 ||    13
  Evoke: Wand              |       |     1 |       |       ||     1
    Use: Potion            |       |       |     1 |       ||     1
         Scroll            |       |       |       |    13 ||    13
   Stab: Confused          |       |     3 |     5 |     4 ||    12
         Sleeping          |       |       |       |     1 ||     1
 Armour: Robe              |     9 |    22 |    38 |       ||    69
         Steam dragon scal |       |       |    58 |    54 ||   112
         Acid dragon scale |       |       |       |    15 ||    15
  Dodge: Dodged            |     3 |    30 |    82 |    85 ||   200
  Block: Buckler           |       |       |       |     9 ||     9

Table legend: (Time is in decaauts)
 A = Elapsed time spent in this place.
 B = Non-inter-level travel time spent in this place.
 C = Inter-level travel time spent in this place.
 D = Time resting spent in this place.
 E = Time spent auto-exploring this place.
 F = Levels seen in this place.
 G = Mean time per level.
                   A        B        C        D        E       F      G
               +--------+--------+--------+--------+--------+-----+--------+
         Total |  14123 |  13333 |    790 |    345 |  11101 |  14 | 1008.8 |
       Dungeon |  14042 |  13286 |    756 |    345 |  11093 |  13 | 1080.2 |
        Temple |     80 |     47 |     33 |      0 |      8 |   1 |   80.0 |
               +--------+--------+--------+--------+--------+-----+--------+

Top non-repeatable levels by time:
     D:5: 1476 daAuts
     D:3: 1455 daAuts
     D:7: 1435 daAuts
    D:12: 1277 daAuts
     D:1: 1130 daAuts
     D:8: 1124 daAuts
    D:10: 1100 daAuts
    D:11: 1090 daAuts
     D:9: 1076 daAuts
     D:6: 1033 daAuts
     D:2: 956 daAuts
     D:4: 860 daAuts
  Temple: 80 daAuts
    D:13: 25 daAuts
